Map: Backwater LE

Players

Zanster - Winner!

  • Race: Zerg Zerg
  • Spawn Location: 5:00

Chendar

  • Race: Zerg Zerg
  • Spawn Location: 11:00

Event: WCS Leipzig 2018

VOD

Have the link to the VOD?

Description

Time

  • Played on: Jan. 26, 2018, 6:24 a.m.
  • Length: 10:21

All games in this series

Show
View Real Time Build Order
Export as new Build Order

Zanster Zerg - Winner!

Build Orders: Hatch First 

Get SALT Encoding   

  12  0:01  Drone  
  13  0:13  Overlord  
  13  0:17  Drone  
  14  0:32  Drone x2  
  17  0:35  Drone  
  17  0:53  Hatchery  
  17  0:55  Drone  
  17  0:57  Drone  
  18  1:11  Spawning Pool  
  18  1:14  Drone  
  18  1:18  Drone  
  19  1:29  Drone  
  20  1:40  Drone  
  20  1:43  Hatchery  
  20  1:51  Drone  
  21  2:04  Queen  
  21  2:05  Queen  
  21  2:08  Drone  
  26  2:12  Overlord  
  26  2:18  Zergling x4  
  28  2:30  Drone x2  
  28  2:34  Drone  
  31  2:38  Drone  
  31  2:40  Queen  
  31  2:41  Queen  
  36  2:49  Spine Crawler  
  35  2:51  Overlord  
  35  2:57  Spine Crawler  
  34  3:00  Zergling x4  
  34  3:05  Zergling x4  
  37  3:10  Zergling x6  
  41  3:22  Queen  
  41  3:27  Queen  
  41  3:30  Queen  
  43  3:37  Zergling x2  
  43  3:38  Zergling x4  
  43  3:40  Zergling x4  
  48  3:47  Overlord  
  44  3:49  Drone x2  
  40  3:56  Drone  
  40  4:00  Drone  
  40  4:07  Drone  
  40  4:12  Drone  
  40  4:16  Drone x2  
  43  4:21  Drone  
  43  4:25  Drone  
  43  4:27  Drone  
  45  4:34  Drone x2  
  45  4:38  Drone x2  
  49  4:40  Drone  
  49  4:44  Drone  
  51  4:45  Drone  
  51  4:47  Drone  
  51  4:50  Drone  
  51  4:51  Drone  
  55  4:58  Overlord  
  55  4:59  Drone x2  
  57  5:02  Drone  
  57  5:06  Extractor  
  57  5:07  Overlord  
  57  5:08  Drone, Extractor  
  57  5:09  Drone  
  57  5:13  Overlord  
  58  5:16  Drone x2  
  58  5:17  Drone  
  58  5:18  Drone  
  58  5:20  Drone  
  64  5:21  Drone  
  64  5:24  Drone  
  64  5:25  Drone  
  64  5:35  Drone x2, Evolution Chamber  
  62  5:37  Drone  
  62  5:38  Drone, Evolution Chamber  
  62  5:40  Roach Warren  
  62  5:42  Drone  
  63  5:43  Drone x2  
  63  5:44  Drone  
  63  5:45  Drone  
  63  5:46  Drone  
  63  5:48  Drone  
  69  5:50  Drone  
  69  5:52  Overlord  
  69  5:54  Drone  
  69  5:55  Drone  
  69  5:57  Drone  
  73  5:58  Drone  
  73  6:02  Lair  
  74  6:04  Drone  
  74  6:05  Drone, Extractor x2  
  74  6:07  Drone  
  74  6:08  Extractor  
  74  6:10  Overlord  
  74  6:11  Drone  
  74  6:12  Drone  
  76  6:18  Zerg Missile Weapons Level 1  
  76  6:20  Drone  
  76  6:22  Drone  
  76  6:23  Drone x6  
  76  6:25  Overlord  
  84  6:26  Extractor  
  83  6:37  Overlord  
  83  6:38  Hatchery  
  82  6:41  Zerg Ground Armor Level 1  
  82  6:42  Overlord  
  82  6:47  Drone x2  
  82  6:49  Roach x4  
  82  6:51  Overlord  
  82  6:53  Roach  
  94  6:55  Roach  
  94  6:59  Roach  
  94  7:00  Roach x2  
  102  7:04  Glial Reconstitution  
  102  7:05  Overseer  
  102  7:08  Overlord  
  102  7:11  Roach  
  102  7:12  Roach x3  
  102  7:15  Overlord  
  110  7:21  Roach x5  
  120  7:23  Overlord  
  120  7:26  Overlord  
  120  7:29  Roach  
  126  7:30  Roach x3  
  126  7:33  Overlord  
  130  7:37  Roach x2  
  130  7:39  Overlord  
  130  7:40  Overlord  
  132  7:45  Drone x2, Hydralisk Den  
  132  7:46  Drone  
  132  7:48  Drone  
  132  7:50  Drone  
  136  7:51  Drone  
  136  7:52  Drone x3  
  136  7:58  Drone x2  
  141  8:05  Overlord  
  142  8:12  Extractor  
  141  8:14  Hydralisk x9  
  159  8:24  Lurker Den  
  158  8:30  Muscular Augments  
  154  8:34  Roach  
  154  8:35  Roach x3  
  154  8:37  Overlord  
  154  8:41  Roach x3  
  156  8:47  Roach  
  156  8:48  Roach x4  
  166  8:49  Overlord  
  168  8:55  Roach  
  168  8:56  Roach x4  
  168  8:57  Extractor  
  168  8:58  Overlord  
  168  9:01  Roach x5  
  185  9:03  Extractor, Overlord  
  185  9:07  Roach x3  
  190  9:14  Hatchery  
  190  9:16  Roach  
  190  9:17  Roach  
  194  9:19  Pneumatized Carapace  
  192  9:34  Roach  
  192  9:35  Roach x3  
Show
View Real Time Build Order
Export as new Build Order

Chendar Zerg 

Build Orders: Pool First, Zergling Baneling 

Get SALT Encoding   

  12  0:00  Drone  
  13  0:12  Overlord  
  13  0:17  Drone  
  14  0:31  Drone x2  
  14  0:34  Drone  
  17  0:37  Extractor  
  16  0:45  Drone  
  17  0:51  Spawning Pool  
  17  0:55  Drone  
  17  1:06  Drone  
  18  1:21  Hatchery  
  18  1:24  Drone  
  18  1:30  Drone  
  19  1:37  Metabolic Boost  
  19  1:45  Queen  
  21  1:49  Drone  
  22  1:57  Overlord  
  22  2:02  Baneling Nest  
  22  2:06  Zergling x2  
  22  2:15  Zergling x2  
  23  2:21  Queen  
  23  2:22  Zergling x2  
  26  2:33  Zergling x4  
  28  2:43  Zergling x2  
  29  2:46  Zergling x2  
  29  2:50  Baneling  
  29  2:51  Baneling  
  30  2:53  Overlord  
  30  2:55  Zergling x6  
  30  2:57  Zergling x2  
  34  3:00  Baneling  
  34  3:01  Baneling  
  34  3:05  Zergling x2  
  34  3:07  Baneling x2  
  34  3:10  Zergling x2  
  36  3:17  Zergling x4  
  36  3:19  Baneling  
  36  3:29  Zergling x2  
  36  3:30  Zergling x4  
  36  3:32  Baneling x2  
  36  3:33  Baneling  
  39  3:38  Baneling  
  39  3:46  Drone  
  39  3:47  Drone x3  
  39  3:50  Drone  
  37  3:56  Drone  
  37  3:58  Drone  
  37  4:03  Drone  
  37  4:08  Drone x2  
  37  4:09  Drone  
  39  4:19  Drone  
  36  4:27  Drone  
  36  4:31  Drone x2, Hatchery  
  36  4:34  Drone  
  38  4:39  Lair  
  38  4:47  Overlord  
  38  4:48  Overlord  
  38  4:53  Evolution Chamber  
  38  4:59  Overlord  
  37  5:05  Zergling x2  
  37  5:06  Zergling x12  
  44  5:08  Overlord  
  44  5:34  Drone  
  44  5:35  Drone x3  
  47  5:36  Drone x6  
  47  5:38  Drone  
  47  5:39  Zerg Missile Weapons Level 1  
  54  5:47  Roach Warren  
  54  5:48  Drone  
  54  5:53  Drone x2  
  54  5:54  Overseer  
  56  5:57  Overseer  
  56  6:02  Drone x4  
  56  6:03  Drone  
  60  6:05  Drone  
  60  6:06  Drone  
  60  6:08  Drone  
  60  6:09  Drone  
  64  6:12  Evolution Chamber  
  64  6:13  Extractor  
  64  6:14  Drone, Extractor  
  64  6:16  Drone x2  
  64  6:18  Drone  
  65  6:25  Overlord x2  
  65  6:27  Glial Reconstitution  
  65  6:29  Drone  
  65  6:30  Overlord  
  66  6:36  Extractor  
  65  6:41  Overlord x3  
  65  6:43  Queen  
  65  6:47  Drone x2  
  69  6:48  Roach x2  
  69  6:49  Roach, Extractor  
  69  6:52  Drone x2  
  69  6:53  Roach  
  77  6:58  Roach x3  
  77  7:01  Roach  
  85  7:02  Roach  
  85  7:05  Drone  
  88  7:10  Drone x2  
  90  7:18  Drone  
  90  7:21  Extractor  
  90  7:22  Unknown, Drone x2  
  91  7:23  Hatchery  
  91  7:25  Drone  
  91  7:29  Drone  
  92  7:30  Hydralisk Den  
  92  7:32  Roach  
  92  7:34  Zerg Missile Weapons Level 2  
  101  7:39  Zerg Ground Armor Level 1  
  93  7:51  Overlord x2  
  93  7:52  Overlord  
  93  7:54  Burrow, Tunneling Claws  
  93  8:06  Roach x8  
  93  8:07  Roach  
  93  8:08  Roach  
  93  8:10  Roach  
  115  8:17  Overlord  
  115  8:18  Roach x2  
  119  8:23  Roach x2  
  119  8:25  Roach  
  125  8:27  Roach  
  125  8:28  Roach x3, Overlord  
  132  8:35  Roach x2  
  132  8:41  Roach x3  
  133  8:47  Lurker Den  
  132  8:50  Roach x10, Overlord x3  
  132  8:55  Roach x2  
  136  8:56  Overseer  
  136  8:58  Pneumatized Carapace  
  136  8:59  Roach x3  
  136  9:00  Roach  
  136  9:02  Extractor, Hatchery  
  143  9:06  Extractor  
  143  9:09  Roach x10  
  140  9:13  Roach x8  
  140  9:25  Hydralisk x5  
  140  9:26  Hydralisk  
  162  9:41  Roach  
  162  9:42  Roach x7  
  162  9:43  Overlord  
  166  9:54  Roach  
Tags
 
Add a new tag
Caveats
  • Supply blocks, unpowered buildings, or Contaminate may cause inaccurate times.
  • Supply counts are checked every 10 seconds.